WLB
WASHINGTON NATIONALS @ TORONTO BLUE PIRATES
06/23/2023
 
TOP OF THE 1ST
Washington Nationals batting - Pitching for Toronto Blue Pirates : RHP Spencer Turnbull
Pitching: RHP Spencer Turnbull
Batting: LHB Jason Heyward 0-0: Ball
1-0: Foul Ball, location: 2F
1-1: SINGLE (Groundball, 4D, EV 101.2 MPH)
Batting: LHB Ryan McMahon 0-0: Called Strike
0-1: Called Strike
0-2: Ball
1-2: Fly out, F8 (Flyball, 8LD, EV 90.0 MPH)
Batting: RHB José Abreu 0-0: Grounds into double play, 6-4-3 (Groundball, 6M, EV 101.2 MPH)
Top of the 1st over - 0 runs, 1 hit, 0 errors, 0 left on base; Washington 0 - Toronto 0
BOTTOM OF THE 1ST
Toronto Blue Pirates batting - Pitching for Washington Nationals : LHP Jalen Beeks
Pitching: LHP Jalen Beeks
Batting: RHB Austin Slater 0-0: Called Strike
0-1: Foul Ball, location: 2F
0-2: Ball
1-2: Ground out 5-3 (Groundball, 56, EV 109.4 MPH)
Batting: RHB Mark Canha 0-0: Called Strike
0-1: Called Strike
0-2: Ball
1-2: Strikes out swinging
Batting: LHB Shohei Ohtani 0-0: Fly out, F8 (Flyball, 8RM, EV 90.0 MPH)
Bottom of the 1st over - 0 runs, 0 hits, 0 errors, 0 left on base; Washington 0 - Toronto 0
TOP OF THE 2ND
Washington Nationals batting - Pitching for Toronto Blue Pirates : RHP Spencer Turnbull
Batting: RHB Tyler O'Neill 0-0: Called Strike
0-1: Foul Ball, location: 2F
0-2: Ball
1-2: Ball
2-2: DOUBLE (Line Drive, 78D, EV 105.6 MPH)
Batting: RHB Willson Contreras 0-0: Ball
1-0: Ball
2-0: Swinging Strike
2-1: Foul Ball, location: 2F
2-2: Foul Ball, location: 2F
2-2: Foul Ball, location: 2F
2-2: Strikes out looking
Batting: LHB Oscar Colas 0-0: Called Strike
0-1: Foul Ball, location: 2F
0-2: Foul Ball, location: 2F
0-2: Strikes out swinging
Batting: RHB Casey Schmitt 0-0: Called Strike
0-1: Ground out 6-3 (Groundball, 6, EV 92.5 MPH)
Top of the 2nd over - 0 runs, 1 hit, 0 errors, 1 left on base; Washington 0 - Toronto 0
BOTTOM OF THE 2ND
Toronto Blue Pirates batting - Pitching for Washington Nationals : LHP Jalen Beeks
Batting: RHB William Contreras 0-0: Ball
1-0: Foul Ball, location: 2F
1-1: Ball
2-1: Ball
3-1: Swinging Strike
3-2: Reached on error, E6 (Groundball, 6, EV 85.0 MPH)
Batting: LHB Nathaniel Lowe 0-0: Ball
1-0: Swinging Strike
1-1: SINGLE (Flyball, 8RS, EV 91.9 MPH)
William Contreras to third
Runner from 3rd tries for Home, SAFE, throw by CF to home
Batting: RHB Matt Chapman 0-0: Ball
1-0: Fly out, F2 (Popup, 23F, EV 80.6 MPH)
Batting: RHB Donovan Solano 0-0: Called Strike
0-1: Foul Ball, location: 2F
0-2: Ball
1-2: Ball
2-2: Strikes out swinging
Batting: LHB Mike Yastrzemski 0-0: Foul Ball, location: 2F
0-1: Foul Ball, location: 2F
0-2: Foul Ball, location: 2F
0-2: Ball
1-2: Ground out U3 (Groundball, 3, EV 87.5 MPH)
Bottom of the 2nd over - 1 run, 1 hit, 1 error, 1 left on base; Washington 0 - Toronto 1
TOP OF THE 3RD
Washington Nationals batting - Pitching for Toronto Blue Pirates : RHP Spencer Turnbull
Batting: RHB Jorge Soler 0-0: Called Strike
0-1: Hit by Pitch
Batting: RHB Jeremy Pena 0-0: Called Strike
0-1: Foul Ball, location: 2F
0-2: Strikes out swinging
Batting: LHB Jason Heyward 0-0: Called Strike
0-1: Foul Ball, location: 2F
0-2: Ball
1-2: Ball
2-2: Ball
3-2: Grounds into double play, 4-6-3 (Groundball, 4, EV 78.1 MPH)
Top of the 3rd over - 0 runs, 0 hits, 0 errors, 0 left on base; Washington 0 - Toronto 1
BOTTOM OF THE 3RD
Toronto Blue Pirates batting - Pitching for Washington Nationals : LHP Jalen Beeks
Batting: RHB Nick Ahmed 0-0: Swinging Strike
0-1: Called Strike
0-2: Ball
1-2: Ball
2-2: Foul Ball, location: 2F
2-2: Foul Ball, location: 2F
2-2: Ball
3-2: Strikes out looking
Batting: RHB Austin Slater 0-0: Ball
1-0: Foul Ball, location: 2F
1-1: Ball
2-1: Fly out, F9 (Flyball, 89D, EV 106.2 MPH)
Batting: RHB Mark Canha 0-0: Ball
1-0: Foul Ball, location: 2F
1-1: Swinging Strike
1-2: SINGLE (Line Drive, 8LS, EV 93.1 MPH)
Batting: LHB Shohei Ohtani 0-0: Swinging Strike
0-1: Swinging Strike
0-2: Ball
1-2: Ball
2-2: Foul Ball, location: 2F
2-2: Foul Ball, location: 2F
2-2: Strikes out swinging
Bottom of the 3rd over - 0 runs, 1 hit, 0 errors, 1 left on base; Washington 0 - Toronto 1
TOP OF THE 4TH
Washington Nationals batting - Pitching for Toronto Blue Pirates : RHP Spencer Turnbull
Batting: LHB Ryan McMahon 0-0: Ball
1-0: Ground out 6-3 (Groundball, 56D, EV 105.6 MPH)
Batting: RHB José Abreu 0-0: Called Strike
0-1: Ball
1-1: Swinging Strike
1-2: Ground out 6-3 (Groundball, 6S, EV 85.6 MPH)
Batting: RHB Tyler O'Neill 0-0: Ball
1-0: Foul Ball, location: 2F
1-1: Called Strike
1-2: Foul Ball, location: 2F
1-2: Ball
2-2: Ball
3-2: Ground out 6-3 (Groundball, P, EV 93.1 MPH)
Top of the 4th over - 0 runs, 0 hits, 0 errors, 0 left on base; Washington 0 - Toronto 1
BOTTOM OF THE 4TH
Toronto Blue Pirates batting - Pitching for Washington Nationals : LHP Jalen Beeks
Batting: RHB William Contreras 0-0: Called Strike
0-1: Foul Ball, location: 2F
0-2: Ball
1-2: Ball
2-2: Ball
3-2: Foul Ball, location: 2F
3-2: Base on Balls
Batting: LHB Nathaniel Lowe 0-0: Ball
1-0: Ball
2-0: Ball
3-0: Base on Balls
William Contreras to second
Batting: RHB Matt Chapman 0-0: Ball
1-0: Called Strike
1-1: Ball
2-1: Ball
3-1: Swinging Strike
3-2: Foul Ball, location: 2F
3-2: Strikes out swinging
Batting: RHB Donovan Solano 0-0: Ball
1-0: Called Strike
1-1: Foul Ball, location: 2F
1-2: Ball
2-2: SINGLE (Line Drive, 7S, EV 103.1 MPH)
William Contreras to third
Nathaniel Lowe to second
Runner from 3rd tries for Home, SAFE, throw by LF to home
Nathaniel Lowe to third
Donovan Solano to second
Batting: LHB Mike Yastrzemski 0-0: Ball
1-0: SINGLE (Groundball, 4D, EV 103.8 MPH)
Nathaniel Lowe scores
Donovan Solano to third
Runner from 3rd tries for Home, SAFE, throw by CF to home
Batting: RHB Nick Ahmed 0-0: Called Strike
0-1: SINGLE (Line Drive, 6M, EV 100.0 MPH)
Mike Yastrzemski to second
Pitching: RHP Will Klein
Batting: RHB Austin Slater 0-0: Called Strike
0-1: Called Strike
0-2: Strikes out looking
Batting: RHB Mark Canha 0-0: Swinging Strike
0-1: Ball
1-1: Ball
2-1: Called Strike
2-2: Strikes out swinging
Bottom of the 4th over - 3 runs, 3 hits, 0 errors, 2 left on base; Washington 0 - Toronto 4
TOP OF THE 5TH
Washington Nationals batting - Pitching for Toronto Blue Pirates : RHP Spencer Turnbull
Batting: RHB Willson Contreras 0-0: Called Strike
0-1: Ball
1-1: Fly out, F4 (Popup, 3DF, EV 61.2 MPH)
Batting: LHB Oscar Colas 0-0: Called Strike
0-1: Foul Ball, location: 2F
0-2: Ball
1-2: Strikes out looking
Batting: RHB Casey Schmitt 0-0: Foul Ball, location: 2F
0-1: SINGLE (Flyball, 5D, EV 86.9 MPH)
Batting: RHB Jorge Soler 0-0: Ball
1-0: Foul Ball, location: 2F
1-1: Swinging Strike
1-2: Strikes out swinging
Top of the 5th over - 0 runs, 1 hit, 0 errors, 1 left on base; Washington 0 - Toronto 4
BOTTOM OF THE 5TH
Toronto Blue Pirates batting - Pitching for Washington Nationals : RHP Will Klein
Batting: LHB Shohei Ohtani 0-0: Ball
1-0: Foul Ball, location: 2F
1-1: Swinging Strike
1-2: Ball
2-2: Ball
3-2: TRIPLE (Line Drive, 78XD, EV 105.0 MPH)
Batting: RHB William Contreras 0-0: Ball
Wild Pitch!
Shohei Ohtani scores
1-0: Foul Ball, location: 2F
1-1: Ball
2-1: Ball
3-1: SINGLE (Line Drive, 34D, EV 108.1 MPH)
Batting: LHB Nathaniel Lowe 0-0: Grounds into double play, 6-4-3 (Groundball, 56, EV 103.1 MPH)
Batting: RHB Matt Chapman 0-0: Called Strike
0-1: Foul Ball, location: 2F
0-2: Strikes out swinging
Bottom of the 5th over - 1 run, 2 hits, 0 errors, 0 left on base; Washington 0 - Toronto 5
TOP OF THE 6TH
Washington Nationals batting - Pitching for Toronto Blue Pirates : RHP Spencer Turnbull
Batting: RHB Jeremy Pena 0-0: Fly out, F8 (Line Drive, 8RM, EV 98.1 MPH)
Batting: LHB Jason Heyward 0-0: Fly out, F9 (Flyball, 89S, EV 81.2 MPH)
Batting: LHB Ryan McMahon 0-0: Ball
1-0: Foul Ball, location: 2F
1-1: Foul Ball, location: 2F
1-2: Fly out, F8 (Flyball, 8RD, EV 90.6 MPH)
Top of the 6th over - 0 runs, 0 hits, 0 errors, 0 left on base; Washington 0 - Toronto 5
BOTTOM OF THE 6TH
Toronto Blue Pirates batting - Pitching for Washington Nationals : RHP Will Klein
Batting: RHB Donovan Solano 0-0: DOUBLE (Line Drive, 78D, EV 113.1 MPH)
Batting: LHB Mike Yastrzemski 0-0: Ball
1-0: Ground out 4-3 (Groundball, 4D, EV 80.0 MPH)
Donovan Solano to third
Batting: RHB Nick Ahmed 0-0: Called Strike
0-1: Ball
1-1: Called Strike
1-2: Strikes out swinging
Pitching: RHP Bryce Montes De Oca
Batting: RHB Austin Slater 0-0: Foul Ball, location: 2F
0-1: Ball
Passed Ball!
Donovan Solano scores
1-1: Ball
2-1: Foul Ball, location: 2F
2-2: Foul Ball, location: 2F
2-2: SOLO HOME RUN (Line Drive, 7D, EV 97.5 MPH), Distance : 376 ft
Batting: RHB Mark Canha 0-0: Ball
1-0: Ball
2-0: Ball
3-0: Base on Balls
Batting: LHB Shohei Ohtani 0-0: Ball
Wild Pitch!
Mark Canha to second
1-0: Ball
2-0: Called Strike
2-1: SINGLE (Line Drive, 4MD, EV 94.4 MPH)
Mark Canha to third
Runner from 3rd tries for Home, SAFE, throw by CF to home
Batting: RHB William Contreras 0-0: Ball
1-0: Ball
2-0: Ball
3-0: Base on Balls
Shohei Ohtani to second
Batting: LHB Nathaniel Lowe 0-0: Foul Ball, location: 2F
0-1: Swinging Strike
0-2: Foul Ball, location: 2F
0-2: Ball
1-2: SINGLE (Groundball, 6S, EV 62.5 MPH) (infield hit)
Shohei Ohtani to third
William Contreras to second
Batting: RHB Matt Chapman 0-0: Called Strike
0-1: Foul Ball, location: 2F
0-2: Ball
1-2: Ball
Wild Pitch!
Shohei Ohtani scores
William Contreras to third
Nathaniel Lowe to second
2-2: Foul Ball, location: 2F
2-2: Ground out 6-3 (Groundball, 6, EV 83.8 MPH)
Bottom of the 6th over - 4 runs, 4 hits, 0 errors, 2 left on base; Washington 0 - Toronto 9
TOP OF THE 7TH
Washington Nationals batting - Pitching for Toronto Blue Pirates : RHP Spencer Turnbull
Pinch Hitting: SHB Cal Raleigh 0-0: Called Strike
0-1: Ground out U3 (Groundball, 3, EV 106.9 MPH)
Batting: RHB Tyler O'Neill 0-0: Called Strike
0-1: Ground out 6-3 (Groundball, 6, EV 90.0 MPH)
Batting: RHB Willson Contreras 0-0: Swinging Strike
0-1: Foul Ball, location: 2F
0-2: Ball
1-2: Fly out, F9 (Flyball, 9, EV 93.1 MPH)
Top of the 7th over - 0 runs, 0 hits, 0 errors, 0 left on base; Washington 0 - Toronto 9
BOTTOM OF THE 7TH
Toronto Blue Pirates batting - Pitching for Washington Nationals : RHP Bryce Montes De Oca
Pitching: LHP Jose Alvarado
Now at 1B: Ryan McMahon
Now at 2B: Richie Palacios
Batting: RHB Donovan Solano 0-0: Swinging Strike
0-1: Ball
1-1: Swinging Strike
1-2: Foul Ball, location: 2F
1-2: Ball
2-2: Fly out, F7 (Flyball, 7S, EV 78.1 MPH)
Pinch Hitting: RHB Tyrone Taylor 0-0: Ground out 6-3 (Groundball, P, EV 80.6 MPH)
Batting: RHB Nick Ahmed 0-0: Called Strike
0-1: Foul Ball, location: 2F
0-2: Foul Ball, location: 2F
0-2: Ball
1-2: Strikes out swinging
Bottom of the 7th over - 0 runs, 0 hits, 0 errors, 0 left on base; Washington 0 - Toronto 9
TOP OF THE 8TH
Washington Nationals batting - Pitching for Toronto Blue Pirates : RHP Spencer Turnbull
Now in RF: Tyrone Taylor
Batting: LHB Oscar Colas 0-0: Called Strike
0-1: Ball
1-1: Swinging Strike
1-2: DOUBLE (Line Drive, 89M, EV 98.8 MPH)
Batting: RHB Casey Schmitt 0-0: Foul Ball, location: 2F
0-1: Swinging Strike
0-2: Ground out 6-3 (Groundball, 6, EV 88.1 MPH)
Batting: RHB Jorge Soler 0-0: Called Strike
0-1: Called Strike
0-2: Ball
1-2: Ground out 6-3 (Groundball, 6, EV 104.4 MPH)
Batting: RHB Jeremy Pena 0-0: Called Strike
0-1: Fly out, F7 (Flyball, 78M, EV 91.2 MPH)
Top of the 8th over - 0 runs, 1 hit, 0 errors, 1 left on base; Washington 0 - Toronto 9
BOTTOM OF THE 8TH
Toronto Blue Pirates batting - Pitching for Washington Nationals : LHP Jose Alvarado
Batting: RHB Austin Slater 0-0: Ball
1-0: Ball
2-0: Called Strike
2-1: Ball
3-1: Base on Balls
Batting: RHB Mark Canha 0-0: Ball
1-0: Ball
2-0: Called Strike
2-1: Foul Ball, location: 2F
2-2: Foul Ball, location: 2F
2-2: Foul Ball, location: 2F
2-2: Ball
3-2: Foul Ball, location: 2F
3-2: Foul Ball, location: 2F
3-2: DOUBLE (Line Drive, 5D, EV 103.1 MPH)
Austin Slater to third
Pitching: LHP Austin Warner
Batting: LHB Shohei Ohtani 0-0: Swinging Strike
0-1: Swinging Strike
0-2: Ball
1-2: Ball
2-2: Strikes out swinging
Batting: RHB William Contreras 0-0: Ball
1-0: Foul Ball, location: 2F
1-1: Swinging Strike
1-2: Ball
2-2: Ball
3-2: Foul Ball, location: 2F
3-2: Base on Balls
Batting: LHB Nathaniel Lowe 0-0: Called Strike
0-1: Ball
1-1: Fly out, F8 (Flyball, 78M, EV 93.1 MPH)
Runner from 3rd tags up, SCORES, throw by CF
Batting: RHB Matt Chapman 0-0: Ball
1-0: Foul Ball, location: 2F
1-1: Foul Ball, location: 2F
1-2: Ball
2-2: Strikes out looking
Bottom of the 8th over - 1 run, 1 hit, 0 errors, 2 left on base; Washington 0 - Toronto 10
TOP OF THE 9TH
Washington Nationals batting - Pitching for Toronto Blue Pirates : RHP Spencer Turnbull
Batting: LHB Jason Heyward 0-0: Fly out, F8 (Flyball, 89M, EV 94.4 MPH)
Batting: LHB Ryan McMahon 0-0: Ground out U3 (Groundball, 3, EV 85.6 MPH)
Batting: LHB Richie Palacios 0-0: Ground out 5-3 (Groundball, 56S, EV 92.5 MPH)
Top of the 9th over - 0 runs, 0 hits, 0 errors, 0 left on base; Washington 0 - Toronto 10
Monday, April 24th , 2023 - OOTP Baseball 23.10 Build 110